Map: Echo LE (Void)

Players

Bombs

  • Race: Terran Terran
  • Spawn Location: 11:00

A.I. 2 (Elite) - Winner!

  • Race: Terran Terran
  • Spawn Location: 5:00

VOD

Have the link to the VOD?

Description

Time

  • Played on: Jan. 15, 2017, 4:07 p.m.
  • Length: 8:55
Show
View Real Time Build Order
Export as new Build Order

Bombs Terran 

Build Orders: Liberator Opening, MMM Bio 

Get SALT Encoding   

  12  0:01  SCV  
  13  0:13  SCV  
  14  0:17  Supply Depot  
  14  0:25  SCV  
  14  0:28  Refinery  
  15  0:39  SCV  
  16  0:45  Barracks  
  16  0:51  SCV  
  17  1:03  SCV  
  18  1:15  SCV  
  19  1:31  Barracks Reactor  
  19  1:32  Orbital Command  
  19  1:42  Command Center  
  19  1:53  Factory  
  19  1:58  SCV  
  20  2:04  Supply Depot  
  20  2:09  Marine  
  20  2:10  Marine  
  20  2:13  SCV  
  23  2:19  Refinery  
  23  2:25  SCV  
  23  2:28  Marine x2  
  26  2:40  Starport  
  26  2:41  SCV  
  26  2:42  Factory Tech Lab  
  27  2:48  Marine x2  
  29  2:56  Orbital Command  
  29  2:59  SCV  
  30  3:08  Siege Tank  
  30  3:11  SCV  
  34  3:16  Liberator  
  34  3:20  Marine x2  
  34  3:23  SCV  
  34  3:26  Supply Depot  
  37  3:28  SCV  
  41  3:36  SCV  
  42  3:43  Marine x2, SCV  
  45  3:50  Supply Depot  
  45  3:53  Siege Tank  
  45  3:55  SCV x2  
  50  4:07  SCV x2  
  50  4:09  Marine x2  
  54  4:14  Supply Depot  
  54  4:20  SCV x2  
  56  4:25  Barracks  
  56  4:26  Refinery  
  56  4:27  Barracks  
  56  4:28  Refinery  
  56  4:31  Starport Reactor  
  56  4:32  Marine x2  
  56  4:34  SCV  
  59  4:40  Supply Depot  
  59  4:41  SCV  
  60  4:46  SCV  
  60  4:52  Marine x2  
  63  4:53  Siege Tank, SCV  
  63  4:58  SCV  
  68  5:03  Supply Depot  
  68  5:05  SCV  
  69  5:11  Barracks  
  69  5:13  Barracks  
  69  5:14  Barracks Tech Lab  
  69  5:15  Barracks Tech Lab  
  69  5:17  Engineering Bay  
  69  5:21  SCV  
  69  5:22  SCV  
  69  5:27  Marine x2  
  73  5:32  Medivac x2  
  73  5:33  SCV  
  78  5:35  Stimpack  
  78  5:39  Combat Shields  
  78  5:43  Terran Infantry Weapons Level 1  
  78  5:47  Siege Tank  
  81  5:54  Supply Depot  
  81  5:56  Supply Depot, Marine x2  
  83  5:58  Barracks Reactor  
  83  6:01  Barracks Reactor  
  83  6:06  Marine x2  
  85  6:15  Medivac x2  
  89  6:18  Supply Depot  
  89  6:19  Marine x2  
  89  6:20  Supply Depot  
  89  6:23  Marine, Siege Tank  
  95  6:28  Marine  
  96  6:37  Marine x2  
  96  6:39  Marine x4  
  102  6:41  Marine  
  102  6:42  Supply Depot  
  102  6:43  Supply Depot  
  102  6:46  Marine  
  104  6:48  Medivac x2  
  104  6:53  Supply Depot  
  108  6:55  Marine x2  
  108  6:56  Marine  
  108  6:57  Marine x2  
  113  7:05  Siege Tank  
  113  7:06  Marine  
  113  7:07  Marine x2  
  119  7:12  Marine  
  119  7:13  Marine  
  119  7:15  Marine x2  
  122  7:18  Medivac x2  
  122  7:21  Marine  
  128  7:24  Marine x3  
  128  7:26  Supply Depot  
  131  7:30  Marine  
  131  7:34  Marine x3  
  135  7:37  Siege Tank  
  135  7:39  Marine  
  139  7:48  Marine  
  139  7:49  Marine x3  
  143  7:52  Marine x3  
  143  7:53  Supply Depot  
  143  7:57  Medivac x2  
  150  8:16  Marine x7  
  156  8:29  Supply Depot  
  156  8:30  Supply Depot  
  156  8:31  Supply Depot  
Show
View Real Time Build Order
Export as new Build Order

A.I. 2 (Elite) Terran - Winner!

Build Orders: Mech 

Get SALT Encoding   

  12  0:00  SCV  
  13  0:13  SCV  
  14  0:18  Supply Depot  
  14  0:25  SCV  
  15  0:29  Refinery  
  15  0:40  SCV  
  16  0:49  Barracks  
  16  0:52  SCV  
  17  1:04  SCV  
  17  1:07  Supply Depot  
  18  1:16  SCV  
  19  1:28  SCV  
  20  1:36  Marine  
  20  1:39  Factory  
  21  1:41  Barracks  
  21  1:43  SCV  
  22  1:53  Marine  
  23  1:55  SCV  
  23  2:00  Supply Depot  
  24  2:07  SCV  
  25  2:11  Marine  
  26  2:20  SCV  
  27  2:23  Factory Tech Lab  
  27  2:29  Marine  
  28  2:32  Marine, SCV  
  30  2:43  Siege Tank  
  30  2:44  SCV  
  34  3:01  SCV  
  34  3:02  Command Center  
  35  3:13  Refinery  
  35  3:14  Orbital Command  
  35  3:31  Factory, Marine  
  36  3:35  Marine  
  36  3:40  SCV  
  38  3:52  SCV  
  38  3:54  Supply Depot  
  39  4:13  SCV  
  39  4:14  Factory Tech Lab, SCV  
  39  4:16  Siege Tank  
  44  4:26  SCV x2  
  46  4:33  Siege Tank  
  46  4:35  Supply Depot, Marine  
  46  4:38  SCV x2  
  52  4:45  Supply Depot  
  52  4:50  SCV x2  
  54  4:55  Siege Tank  
  57  5:02  SCV x2  
  57  5:06  Hellion  
  61  5:14  SCV x2  
  61  5:18  Barracks Tech Lab  
  61  5:20  Refinery  
  63  5:25  Refinery  
  63  5:26  Orbital Command, SCV  
  63  5:27  Hellion  
  66  5:29  Hellion  
  68  5:38  SCV  
  68  5:41  Supply Depot  
  68  5:49  Hellion  
  70  5:50  SCV  
  70  5:51  SCV  
  72  6:02  SCV  
  72  6:03  Armory  
  74  6:04  SCV  
  74  6:15  SCV  
  74  6:16  SCV  
  76  6:19  Supply Depot  
  76  6:27  SCV  
  76  6:28  SCV  
  77  6:39  SCV  
  77  6:40  SCV  
  77  6:43  Armory  
  77  6:45  Factory, Marine  
  75  6:51  Terran Vehicle And Ship Armor Level 1, SCV  
  76  7:00  Command Center  
  73  7:05  SCV  
  73  7:07  SCV  
  74  7:14  Siege Tank  
  75  7:17  SCV  
  75  7:19  SCV  
  75  7:22  Siege Tank  
  77  7:29  SCV  
  76  7:31  SCV  
  77  7:37  Hellion  
  79  7:47  Hellion  
  79  7:49  Marine  
  79  7:50  Marine  
  83  7:54  Siege Tank  
  86  7:59  Supply Depot  
  86  8:07  Marauder  
  86  8:08  Siege Tank  
  86  8:11  Marine, SCV  
  84  8:14  SCV  
  29  8:28  Marine  
Tags
 
Composition
MMM BioMech
Matchup
TvT
Race
Terran
Spawn Locations
Cross Positions
Add a new tag
Caveats
  • Supply blocks, unpowered buildings, or Contaminate may cause inaccurate times.
  • Supply counts are checked every 10 seconds.